 Dungeon Crawl Stone Soup version 0.31-a0-149-g3fdcc5976a (webtiles) character file.

Game seed: 8560545819213495322

21444 jlumianski the Thaumaturge (level 13, -2/85 HPs)
             Began as a Djinni Fire Elementalist on June 7, 2023.
             Was an Elder of Makhleb.
             Slain by a minotaur (9 damage)
             ... on level 1 of the Lair of Beasts.
             The game lasted 01:32:28 (13137 turns).

jlumianski the Thaumaturge (DjFE)                  Turns: 13137, Time: 01:32:28

Health: -2/85      AC: 13    Str:  7    XL:     13   Next: 20%
Gold:   327        EV: 14    Int: 17    God:    Makhleb [****..] SH:  0 Dex: 14

rFire   + + .        N - staff of conjuration
rCold   x . .        (no shield)
rNeg    + . .        m - +0 leather armour "Forget-Me-Not" {rElec rN+ Will++ Int-5}
rPois   ∞            I - +2 helmet
rElec   +            n - +2 cloak
rCorr   .            f - +3 pair of gauntlets of War {Slay+5}
SInv    .            (boots unavailable)
Will    +++..        e - amulet of regeneration
Stlth   +++          G - +4 ring of slaying
HPRegen 1.14/turn    F - +4 ring of slaying
MPRegen 0.00/turn

%: infuse magic (-3 HP)
@: flying, studying Polearms
A: sickness immunity, fire resistance 2, cold vulnerability 1, float, innate
caster, HP casting, extra vitality 1
a: Renounce Religion, Minor Destruction, Lesser Servant of Makhleb, Major
Destruction


You were on level 1 of the Lair of Beasts.
You worshipped Makhleb.
Makhleb was greatly pleased with you.
You visited 2 branches of the dungeon, and saw 15 of its levels.

You collected 1556 gold pieces.
You spent 1229 gold pieces at shops.

Inventory:

Hand Weapons
 x - a +2 dagger of holy wrath
 z - a +2 short sword of electrocution
Missiles
 i - 7 silver javelins
 j - 4 throwing nets
 o - 17 poisoned darts
 w - 2 javelins
 y - a curare-tipped dart
 D - 3 silver boomerangs
 M - 3 datura-tipped darts
Armour
 b - a +2 robe of cold resistance
 f - the +3 pair of gauntlets of War (worn) {Slay+5}
   (You acquired it on level 4 of the Dungeon)

   Slay:      It affects your accuracy & damage with ranged weapons and melee
   (+5).
 m - the +0 leather armour "Forget-Me-Not" (worn) {rElec rN+ Will++ Int-5}
   (You found it on level 1 of the Lair of Beasts)

   Int:       It affects your intelligence (-5).
   rElec:     It insulates you from electricity.
   rN:        It protects you from negative energy.
   Will:      It greatly increases your willpower.
 n - a +2 cloak (worn)
 B - the +4 robe of Folly {Brill Will-∞ Int+8}
   (You bought it in a shop on level 4 of the Dungeon)

   Brill:     It increases the power of your magical spells and halves their MP
   cost (rounding up).
   Will-∞: It reduces your willpower to zero.
   Int:       It affects your intelligence (+8).
 I - a +2 helmet (worn)
Magical Staves
 c - a staff of earth
 d - a staff of cold
 t - a staff of poison
 N - a staff of conjuration (weapon)
Jewellery
 e - an amulet of regeneration (around neck)
 v - a ring of positive energy
 F - a +4 ring of slaying (right hand)
 G - a +4 ring of slaying (left hand)
 J - a ring of protection from fire
 K - a ring of see invisible
Wands
 l - a wand of acid (21)
 C - a wand of roots (11)
Scrolls
 g - 2 scrolls of fog
 p - a scroll of fear
 r - a scroll of magic mapping
 u - a scroll of butterflies
 H - 2 scrolls of teleportation
 L - a scroll of brand weapon
Potions
 a - a potion of berserk rage
 h - a potion of attraction
 k - a potion of mutation
 q - a potion of enlightenment
 s - 2 potions of curing
 A - a potion of cancellation
 E - a potion of might {unknown}


   Skills:
 + Level 5.1 Fighting
 + Level 6.9 Short Blades
 + Level 0.1 Staves
 + Level 1.2 Armour
 + Level 7.5 Dodging
 + Level 7.8 Stealth
 * Level 10.0 Spellcasting
 * Level 10.0 Conjurations
 * Level 10.0 Hexes
 * Level 10.0 Summonings
 * Level 10.0 Necromancy
 * Level 10.0 Translocations
 * Level 10.0 Transmutations
 * Level 10.0 Fire Magic
 * Level 10.0 Ice Magic
 * Level 10.0 Air Magic
 * Level 10.0 Earth Magic
 * Level 10.0 Poison Magic
 * Level 9.8 Invocations


You knew the following spells:

 Your Spells              Type           Power      Damage    Failure   Level
a - Foxfire               Conj/Fire      100%       2x1d9     1%          1
b - Scorch                Fire           84%        2d8       1%          2
c - Volatile Blastmotes   Fire/Tloc      84%        2d17      1%          3
d - Inner Flame           Hex/Fire       42%        N/A       1%          3
e - Flame Wave            Conj/Fire      59%        2d14      1%          4
f - Necrotise             Necr           100%       1d9       1%          1
g - Momentum Strike       Conj/Tloc      100%       3d10      1%          2
h - Call Canine Familiar  Summ           42%        N/A       1%          3
i - Iskenderun's Mystic   Conj/Tloc      59%        2d12      1%          4
j - Lee's Rapid Deconstr  Erth           21%        3d12*     5%          5
k - Blade Hands           Tmut           21%        N/A       5%          5
Your spell library was empty.

Dungeon Overview and Level Annotations

Branches:
Dungeon (13/15)            Temple (0/1) D:6            Lair (2/5) D:11
    Orc (0/2) D:12
  Swamp: Lair:2-3    Shoals: Lair:2-3     Snake: Lair:2-3    Spider: Lair:2-3
 Vaults: D:13-14

Altars:
Ashenzari
Makhleb
Okawaru
Ru
Uskayaw
Wu Jian
Xom
Yredelemnul
Zin

Shops:
D:4 [   D:11 [   D:12 *

Annotations:
D:12 Azrael


Innate Abilities, Weirdness & Mutations

You are immune to sickness and miasma.
You are immune to poison.
Your flesh is very heat resistant. (rF++)
You are vulnerable to cold. (rC-)
You float through the air rather than walking.
You learn spells naturally, not from books.
Your magical power is your life essence.
You have superior vitality. (+4 MHP)


Message History

Your wolf's corpse disappears in a puff of smoke!
Your wolf explodes!
The fiery explosion engulfs the minotaur!!
The minotaur is moderately wounded.
A demon appears!
The minotaur throws a silver javelin.
The silver javelin pierces through you!!
The minotaur throws a silver javelin.
The silver javelin closely misses you.
Your orange demon stings the minotaur from afar.
The minotaur is poisoned.
Your orange demon poisons the minotaur!
The minotaur is engulfed in blazing flames.
Your orange demon closely misses the minotaur.
Your orange demon barely misses the minotaur.
The minotaur throws a silver javelin.
The silver javelin pierces through you.
Your orange demon barely misses the minotaur.
Your orange demon closely misses the minotaur.
Casting: Inner Flame (safe; 1% risk of failure)
Confirm with . or Enter, or press ? or * to list all spells.
Your orange demon stings the minotaur but does no damage.
Your orange demon hits the minotaur but does no damage.
You hit the minotaur.
The minotaur is severely wounded.
Your wolf is engulfed in blazing flames.
The minotaur barely misses you. The minotaur closely misses you.
Your orange demon stings the minotaur.
Your orange demon barely misses the minotaur.
Your wolf bites the minotaur but does no damage.
Your wolf bites the minotaur but does no damage.
The minotaur hits you!!
* * * LOW HITPOINT WARNING * * *
The minotaur gores you!
* * * LOW HITPOINT WARNING * * *
Your orange demon stings the minotaur!
Your orange demon barely misses the minotaur.
You hit the minotaur but do no damage.
The minotaur is almost dead.
Your wolf bites the minotaur.
The minotaur hits you.
* * * LOW HITPOINT WARNING * * *
The minotaur gores you!
You die...

.......................#.........
......................##.........
.......................#.........
.................................
.................................
.................................
.................................
..................>..............
................@..............##
................hH............##
.............§○..4...........####
...............☼................#
..............§○......#########.#
#.....................#.[#W#DH#..
#................##.#.##.!.?.##..
##.###........[#####..# #...#F#.#
#####.........# ##.###.#.#.#.#


You could see a minotaur (very poisoned, ally target), a friendly orange demon
(summoned) and a friendly wolf (summoned).

Vanquished Creatures
  The ghost of Ybiy the Blocker, a journeyman TrFi of Makhleb (Lair:2)
  A minotaur (Lair:1)
  Snorg (D:11)
  Fannar (D:11)
  Harold (D:11)
  A hydra (D:9)
  A centaur warrior (D:9)
  3 two-headed ogres
  A boulder beetle (D:11)
  Urug (D:11)
  A manticore (D:12)
  2 cane toads
  Maggie (D:6)
  A kobold demonologist (D:7)
  3 komodo dragons
  An unseen horror (D:12)
  6 blink frogs (Lair:1)
  2 trolls
  A polar bear (Lair:2)
  2 shadows
  13 yaks
  3 steam dragons
  8 vampire mosquitoes
  Edmund (D:6)
  An acid dragon (D:11)
  A water moccasin (Lair:1)
  An orc warrior (D:9)
  2 ice beasts
  2 black bears
  2 ogres (D:6)
  8 centaurs (D:11)
  2 phantoms
  2 kobold brigands
  6 bullfrogs
  A gnoll sergeant (D:10)
  3 scorpions
  11 wights
  6 killer bees (D:8)
  4 howler monkeys
  A jelly (D:5)
  5 hounds (D:5)
  14 orc priests
  A sleepcap (D:7)
  3 iguanas
  8 orc wizards
  10 gnolls
  6 adders
  A shadow imp (D:5)
  2 white imps (D:7)
  An ufetubus (D:5)
  3 worms
  34 orcs
  10 ball pythons
  6 endoplasms
  6 giant cockroaches
  8 goblins
  4 hobgoblins
  10 jackals
  2 quokkas
  5 bats
  3 frilled lizards
  11 kobolds
  4 rats
267 creatures vanquished.

Vanquished Creatures (collateral kills)
  2 blink frogs (Lair:1)
  A yak (D:10)
  2 shadows
  A wyvern (Lair:2)
  A vampire mosquito (D:13)
  A sky beast (D:7)
  A centaur (D:6)
  A gnoll sergeant (D:11)
  5 wights
  A killer bee (D:8)
  A howler monkey (D:10)
  2 sleepcaps
  An adder (D:5)
  9 gnolls
  5 orcs
  3 kobolds (D:7)
37 creatures vanquished.

Vanquished Creatures (others)
  359 foxfires
359 creatures vanquished.

Grand Total: 663 creatures vanquished

Notes
Turn   | Place    | Note
-------+----------+-------------------------------------------
     0 | D:1      | jlumianski the Djinni Fire Elementalist began the quest for
                  | the Orb.
     0 | D:1      | jlumianski set off with the following spells memorised:
                  | Foxfire, Scorch, Volatile Blastmotes, Inner Flame, Flame
                  | Wave.
     0 | D:1      | Reached XP level 1. HP: 15/15 MP: 0/0
   224 | D:2      | Reached XP level 2. HP: 21/21 MP: 0/0
   731 | D:2      | Reached XP level 3. HP: 24/25 MP: 0/0
   731 | D:2      | Learned a level 1 spell: Necrotise
  1063 | D:3      | Noticed a phantom
  1519 | D:3      | Reached XP level 4. HP: 29/31 MP: 0/0
  2006 | D:3      | Killed a phantom
  2007 | D:3      | Reached XP level 5. HP: 25/36 MP: 0/0
  2007 | D:3      | Learned a level 2 spell: Momentum Strike
  2251 | D:5      | Entered Level 5 of the Dungeon
  2260 | D:5      | Reached XP level 6. HP: 31/41 MP: 0/0
  2401 | D:4      | Identified a scroll of acquirement
  2402 | D:4      | Acquired the +3 pair of gauntlets of War {Slay+5}
  2402 | D:4      | Found the +3 pair of gauntlets of War {Slay+5}
  2748 | D:4      | Found Ynatusycw's Antique Armour Emporium.
  2953 | D:4      | Reached XP level 7. HP: 43/46 MP: 0/0
  2953 | D:4      | Learned a level 3 spell: Call Canine Familiar
  2985 | D:4      | Reached skill level 1 in Fighting
  3119 | D:4      | Acquired 697 gold pieces
  3306 | D:5      | Reached skill level 1 in Short Blades
  3528 | D:5      | Reached skill level 5 in Spellcasting
  3528 | D:5      | Reached skill level 5 in Conjurations
  3528 | D:5      | Reached skill level 5 in Hexes
  3528 | D:5      | Reached skill level 5 in Summonings
  3528 | D:5      | Reached skill level 5 in Necromancy
  3528 | D:5      | Reached skill level 5 in Translocations
  3528 | D:5      | Reached skill level 5 in Transmutations
  3528 | D:5      | Reached skill level 5 in Fire Magic
  3528 | D:5      | Reached skill level 5 in Ice Magic
  3528 | D:5      | Reached skill level 5 in Air Magic
  3528 | D:5      | Reached skill level 5 in Earth Magic
  3528 | D:5      | Reached skill level 5 in Poison Magic
  3657 | D:5      | Reached XP level 8. HP: 51/52 MP: 0/0
  3738 | D:5      | Reached skill level 5 in Dodging
  3793 | D:5      | HP: 1/52 [ice beast (18)]
  4266 | D:5      | Found a basalt altar of Yredelemnul.
  4428 | D:4      | Found a hide-covered altar of Uskayaw.
  4428 | D:4      | Found a sacrificial altar of Ru.
  4607 | D:6      | Found a burning altar of Makhleb.
  4620 | D:6      | Became a worshipper of Makhleb the Destroyer
  4754 | D:6      | Found a broken altar of Ashenzari.
  4796 | D:6      | Found a shimmering altar of Xom.
  4798 | D:6      | Noticed an angel
  4848 | D:6      | Found a glowing silver altar of Zin.
  4937 | D:7      | Noticed a kobold demonologist
  4939 | D:7      | Killed a kobold demonologist
  4940 | D:7      | Reached XP level 9. HP: 54/58 MP: 0/0
  4940 | D:7      | Learned a level 4 spell: Iskenderun's Mystic Blast
  5045 | D:6      | Noticed Edmund
  5068 | D:6      | Killed Edmund
  5397 | D:6      | Reached skill level 5 in Stealth
  5460 | D:6      | Noticed Maggie
  5474 | D:6      | Killed Maggie
  5591 | D:6      | Reached * piety under Makhleb
  5632 | D:6      | Found a staircase to the Ecumenical Temple.
  5905 | D:7      | Reached XP level 10. HP: 49/65 MP: 0/0
  6428 | D:4      | Bought the +4 robe of Folly {Brill Will-∞ Int+8} for 1112
                  | gold pieces
  6428 | D:4      | Found the +4 robe of Folly {Brill Will-∞ Int+8}
  6582 | D:7      | Reached ** piety under Makhleb
  7147 | D:8      | Found an iron altar of Okawaru.
  7171 | D:8      | Reached skill level 1 in Invocations
  7944 | D:10     | Entered Level 10 of the Dungeon
  8001 | D:9      | Found an ornate altar of the Wu Jian Council.
  8004 | D:9      | Noticed a four-headed hydra
  8022 | D:9      | Killed a four-headed hydra
  8023 | D:9      | Reached XP level 11. HP: 70/70 MP: 0/0
  8023 | D:9      | Learned a level 5 spell: Lee's Rapid Deconstruction
  8109 | D:9      | Reached *** piety under Makhleb
  8412 | D:9      | Noticed a centaur warrior
  8432 | D:9      | Killed a centaur warrior
  8627 | D:10     | Reached skill level 5 in Invocations
  8752 | D:9      | Noticed a two-headed ogre
  8767 | D:9      | Killed a two-headed ogre
  9201 | D:10     | Noticed a two-headed ogre
  9208 | D:10     | Reached skill level 5 in Short Blades
  9211 | D:10     | Killed a two-headed ogre
  9733 | D:11     | Found Rekuilo's Armour Shop.
  9734 | D:11     | Noticed Snorg
  9742 | D:11     | Killed Snorg
  9776 | D:11     | Noticed a two-headed ogre
  9782 | D:11     | Killed a two-headed ogre
  9783 | D:11     | Reached XP level 12. HP: 73/78 MP: 0/0
 10101 | D:11     | Reached **** piety under Makhleb
 10221 | D:11     | Found a staircase to the Lair.
 10523 | D:11     | Noticed Fannar
 10657 | D:11     | Killed Fannar
 10860 | D:11     | Noticed Harold
 10879 | D:11     | Killed Harold
 10888 | D:11     | Noticed Urug
 10969 | D:11     | Killed Urug
 11136 | D:11     | Noticed a boulder beetle
 11154 | D:11     | Killed a boulder beetle
 11606 | D:12     | Found Resotetz's General Store.
 11614 | D:12     | Bought a scroll of identify for 26 gold pieces
 11614 | D:12     | Bought a scroll of fear for 52 gold pieces
 11614 | D:12     | Bought a potion of curing for 39 gold pieces
 11651 | D:12     | Found a staircase to the Orcish Mines.
 11706 | D:12     | Noticed Azrael
 11782 | Lair:1   | Entered Level 1 of the Lair of Beasts
 11834 | Lair:1   | Noticed Ybiy's ghost (journeyman TrFi)
 11835 | Lair:1   | Noticed a minotaur
 11851 | Lair:1   | Found a runed translucent gate.
 11851 | Lair:1   | Found a runed translucent gate.
 11851 | Lair:1   | Found a runed translucent gate.
 11918 | Lair:1   | Identified the +0 leather armour "Forget-Me-Not" {rElec rN+
                  | Will++ Int-5}
 12037 | Lair:1   | Reached skill level 5 in Fighting
 12037 | Lair:1   | Reached XP level 13. HP: 85/85 MP: 0/0
 12037 | Lair:1   | Learned a level 5 spell: Blade Hands
 12160 | Lair:1   | Found a runed translucent door.
 12440 | Lair:1   | Noticed a minotaur
 12562 | Lair:1   | Killed a minotaur
 12820 | Lair:1   | HP: 2/85 [Ybiy's ghost (25)]
 12896 | Lair:2   | Killed Ybiy's ghost
 12942 | Lair:2   | Reached skill level 1 in Armour
 13096 | Lair:2   | Reached skill level 10 in Spellcasting
 13096 | Lair:2   | Reached skill level 10 in Conjurations
 13096 | Lair:2   | Reached skill level 10 in Hexes
 13096 | Lair:2   | Reached skill level 10 in Summonings
 13096 | Lair:2   | Reached skill level 10 in Necromancy
 13096 | Lair:2   | Reached skill level 10 in Translocations
 13096 | Lair:2   | Reached skill level 10 in Transmutations
 13096 | Lair:2   | Reached skill level 10 in Fire Magic
 13096 | Lair:2   | Reached skill level 10 in Ice Magic
 13096 | Lair:2   | Reached skill level 10 in Air Magic
 13096 | Lair:2   | Reached skill level 10 in Earth Magic
 13096 | Lair:2   | Reached skill level 10 in Poison Magic
 13137 | Lair:1   | Slain by a minotaur

Illustrated notes

Levels and vault maps discovered:
D:1:      dpeg_arrival_round_a, layout_basic
D:2:      layout_rooms, kennysheep_flooded_box, chequers_decorated_corner
D:3:      layout_basic
D:4:      minmay_door_path, layout_loops_ring,
          gammafunk_temple_overflow_elements, serial_shops, shop_fountains,
          minmay_misc_feat_enclosed, kennysheep_big_empty_room
D:5:      layout_basic, mainiacjoe_overflow_six_doors_small,
          kennysheep_decorative_pillar
D:6:      layout_loops_ring, grunt_temple_overflow_order_and_chaos_1,
          nicolae_overflow_hidden_temple, mainiacjoe_overflow_catwalk,
          temple_hall, uniq_edmund, uniq_maggie
D:7:      layout_gridville, david_defended_altar_orc
D:8:      layout_basic, kennysheep_little_box
D:9:      layout_roguey, mainiacjoe_overflow_brackets
D:10:     layout_roguey, minmay_quadrilaterals
D:11:     layout_roguey, lair_entry_dummy, serial_shops, shop, uniq_snorg,
          uniq_fannar, uniq_harold, uniq_urug
D:12:     layout_roguey, orc_0_dummy, serial_shops, shop,
          chequers_serial_rivers_micro_b, uniq_josephine, uniq_azrael
D:13:     layout_basic, erik_vaults_2
Lair:1:   dreamdust_labyrinth, layout_hall_layers,
          maelrawn_ghost_gauntlet_escape, minivault_11,
          infiniplex_staircase_pool
Lair:2:   lemuel_ratsnest, layout_gridlike, minmay_swamp_entry_reptiles,
          kennysheep_snail_temple, serial_bayou_shore_a

Skill      XL: |  1  2  3  4  5  6  7  8  9 10 11 12 13 |
---------------+----------------------------------------+-----
Spellcasting   | 4 5 6 7 8 9 10 | 10.0
Conjurations   | 4 5 6 7 8 9 10 | 10.0
Hexes          | 4 5 6 7 8 9 10 | 10.0
Summonings     | 4 5 6 7 8 9 10 | 10.0
Necromancy     | 4 5 6 7 8 9 10 | 10.0
Translocations | 4 5 6 7 8 9 10 | 10.0
Transmutations | 4 5 6 7 8 9 10 | 10.0
Fire Magic     | 4 5 6 7 8 9 10 | 10.0
Ice Magic      | 4 5 6 7 8 9 10 | 10.0
Air Magic      | 4 5 6 7 8 9 10 | 10.0
Earth Magic    | 4 5 6 7 8 9 10 | 10.0
Poison Magic   | 4 5 6 7 8 9 10 | 10.0
Stealth        | 2 3 4 5 6 7 |  7.8
Dodging        | 3 4 5 6 7 |  7.5
Fighting       | 1 2 4 5 |  5.1
Short Blades   | 1 2 3 5 6 |  6.9
Invocations    | 3 7 9 |  9.8
Armour         | 1 |  1.2
Staves         | |  0.1

Action                     |  1- 3 |  4- 6 |  7- 9 | 10-12 | 13-15 || total
---------------------------+-------+-------+-------+-------+-------++-------
  Melee: Dagger            |    12 |    42 |    61 |     5 |       ||   120
         Punch             |       |       |     3 |     2 |       ||     5
         Short sword       |       |       |       |   141 |     3 ||   144
         Staff             |       |       |       |       |    10 ||    10
   Cast: Foxfire           |    35 |    48 |    71 |    45 |     3 ||   202
         Scorch            |     2 |     9 |     3 |    15 |     3 ||    32
         Necrotise         |     1 |       |     5 |       |       ||     6
         Volatile Blastmot |       |     2 |     3 |     3 |       ||     8
         Call Canine Famil |       |       |    21 |    37 |    10 ||    68
         Inner Flame       |       |       |    14 |    29 |     7 ||    50
         Flame Wave        |       |       |     1 |     6 |     1 ||     8
         Iskenderun's Myst |       |       |       |    12 |     1 ||    13
         Lee's Rapid Decon |       |       |       |     9 |     2 ||    11
 Invoke: Minor Destruction |       |       |       |     1 |       ||     1
         Lesser Servant of |       |       |       |       |     2 ||     2
    Use: Potion            |     5 |       |       |     1 |     1 ||     7
         Scroll            |     2 |     3 |     3 |    16 |     1 ||    25
   Stab: Sleeping          |     3 |       |     7 |    10 |     1 ||    21
         Distracted        |       |     1 |     1 |     2 |       ||     4
 Armour: Robe              |     7 |    23 |    13 |    63 |     1 ||   107
         Skin              |     6 |       |       |       |       ||     6
         Leather armour    |       |       |       |       |     6 ||     6
  Dodge: Dodged            |    32 |    43 |    59 |   133 |    16 ||   283

Table legend: (Time is in decaauts)
 A = Elapsed time spent in this place.
 B = Non-inter-level travel time spent in this place.
 C = Inter-level travel time spent in this place.
 D = Time resting spent in this place.
 E = Time spent auto-exploring this place.
 F = Levels seen in this place.
 G = Mean time per level.
                   A        B        C        D        E       F      G
               +--------+--------+--------+--------+--------+-----+--------+
         Total |  13101 |  12463 |    638 |   1954 |   6533 |  15 |  873.4 |
       Dungeon |  11750 |  11113 |    637 |   1682 |   5917 |  13 |  903.8 |
          Lair |   1350 |   1350 |      0 |    272 |    616 |   2 |  675.0 |
               +--------+--------+--------+--------+--------+-----+--------+

Top non-repeatable levels by time:
    D:11: 1701 daAuts
     D:4: 1388 daAuts
     D:6: 1331 daAuts
     D:5: 1069 daAuts
     D:9: 1055 daAuts
  Lair:1: 1047 daAuts
     D:7: 993 daAuts
     D:8: 987 daAuts
     D:1: 869 daAuts
     D:3: 702 daAuts
     D:2: 653 daAuts
    D:10: 640 daAuts
    D:12: 321 daAuts
  Lair:2: 303 daAuts
    D:13: 37 daAuts
